 Dungeon Crawl Stone Soup version 0.19-a0-718-gdd04e31 (webtiles) character file.

4500 TheGoonsmith the Geomancer (level 10, -14/50 HPs)
             Began as a Gargoyle Earth Elementalist on June 20, 2016.
             Was a Follower of Vehumet.
             Demolished by a yaktaur captain (23 damage)
             ... on level 10 of the Dungeon.
             The game lasted 00:20:05 (10343 turns).

TheGoonsmith the Geomancer (GrEE)                  Turns: 10343, Time: 00:20:07

Health: -14/50     AC: 15    Str: 13    XL:     10   Next: 38%
Magic:  3/21       EV: 12    Int: 23    God:    Vehumet [*.....]
Gold:   265        SH:  4    Dex: 10    Spells: 4 memorised, 10 levels left

rFire  + . .     SeeInvis .     b - 211 stones
rCold  + . .     Gourm    .     R - +0 robe {rC+ rF+}
rNeg   + . .     Faith    .     m - +0 buckler
rPois  ∞         Spirit   .     d - +2 helmet
rElec  +         Dismiss  .     n - +1 cloak {MR+}
rCorr  .         Reflect  .     z - +0 pair of gloves
SustAt +         Harm     .     (no boots)
MR     +....                    (no amulet)
Stlth  ++........               x - ring of flight
                                D - ring of sustain attributes

@: brilliant, somewhat resistant to hostile enchantments, unstealthy
A: negative energy resistance 1, electricity resistance, unbreathing,
petrification resistance, rot immunity, AC +7
a: Renounce Religion, Evoke Flight


You were on level 10 of the Dungeon.
You worshipped Vehumet.
Vehumet was aware of your devotion.
You were hungry.

You visited 2 branches of the dungeon, and saw 11 of its levels.
You also visited: Sewer.

You collected 414 gold pieces.
You spent 149 gold pieces at shops.

Inventory:

Hand Weapons
 a - a +1 dagger of venom
 g - a +0 whip
 Q - a +1 dagger of protection
Missiles
 b - 211 stones (in hand)
Armour
 d - a +2 helmet (worn)
 m - a +0 buckler (worn)
 n - a +1 cloak of magic resistance (worn)
 z - a +0 pair of gloves (worn)
 L - the +3 ring mail "Guacacki" {*Drain rElec MR+++ rCorr}
   (You found it on level 5 of the Dungeon)

   It insulates you from electricity.
   It affects your resistance to hostile enchantments.
   It protects you from acid and corrosion.
   It causes draining when unequipped.
 R - a +0 robe of resistance (worn)
Magical Staves
 v - an uncursed staff of conjuration
Jewellery
 x - a ring of flight (right hand)
 D - a ring of sustain attributes (left hand)
Wands
 k - a wand of acid (5/15)
 l - a wand of disintegration (13/24)
 q - a wand of polymorph (11/24)
 N - a wand of lightning (12/15)
 S - a wand of enslavement (23/24)
Scrolls
 c - a scroll of torment {unknown}
 f - 2 scrolls of recharging
 o - 4 scrolls of remove curse
 r - 10 scrolls of identify
 y - a scroll of amnesia
 F - 2 scrolls of teleportation
 J - 2 scrolls of fear
 K - 2 scrolls of fog
Potions
 j - 3 potions of might
 s - a potion of magic {unknown}
 u - 3 potions of curing {unknown}
 G - a potion of mutation
 I - 2 potions of invisibility
 M - a potion of lignification {unknown}
 P - a potion of agility
Books
 e - a book of Geomancy

   Spells                             Type                      Level
   a - Sandblast                      Earth                        1
   b - Passwall                       Transmutation/Earth          2
   c - Stone Arrow                    Conjuration/Earth            3
   d - Petrify                        Transmutation/Earth          4
   e - Lee's Rapid Deconstruction     Earth                        5
 t - a book of the Earth

   Spells                             Type                      Level
   a - Leda's Liquefaction            Hexes/Earth                  4
   b - Bolt of Magma                  Conjuration/Fire/Earth       5
   c - Statue Form                    Transmutation/Earth          6
   d - Iron Shot                      Conjuration/Earth            6
   e - Shatter                        Earth                        9
 w - a Necronomicon

   Spells                             Type                      Level
   a - Haunt                          Necromancy/Summoning         7
   b - Borgnjor's Revivification      Necromancy                   8
   c - Death's Door                   Charms/Necromancy            8
   d - Necromutation                  Transmutation/Necromancy     8
Comestibles
 h - 3 meat rations
 C - 2 slices of pizza
 E - 3 bread rations
 O - 3 fruits
 T - 8 chunks of flesh


   Skills:
 - Level 1.5 Dodging
 - Level 2.1 Stealth
 - Level 4.3 Shields
 - Level 7.4 Spellcasting
 - Level 3.1 Conjurations
 + Level 2.7 Transmutations
 - Level 13.2 Earth Magic


You had 10 spell levels left.
You knew the following spells:

 Your Spells              Type           Power        Failure   Level  Hunger
a - Sandblast             Erth           ######       1%          1    None
b - Petrify               Tmut/Erth      ######..     1%          4    ###....
x - Stone Arrow           Conj/Erth      ######       1%          3    None
z - Lee's Rapid Deconstr  Erth           ######....   1%          5    #####..


Dungeon Overview and Level Annotations

Branches:
Dungeon (10/15)            Temple (1/1) D:7             Orc (0/2) D:9
   Lair: D:8-11

Altars:
Ashenzari
Cheibriados
Dithmenos
Elyvilon
Fedhas
Gozag
Hepliaklqana
Kikubaaqudgha
Makhleb
Nemelex Xobeh
Okawaru
Pakellas
Qazlal
Ru
Sif Muna
Trog
Uskayaw
Vehumet
Xom
Yredelemnul
Zin
The Shining One

Shops:
D:5 !


Innate Abilities, Weirdness & Mutations

You are resistant to torment.
Your stone body is resilient. (AC +7)
You are immune to poison.
You resist negative energy. (rN+)
You are resistant to electric shocks. (rElec)
You can survive without breathing.
You are immune to petrification.
You are immune to rotting.


Message History

Press: ? - help, Dir - move target cursor The wall shatters!
The blast of rock fragments hits the sphinx.
The sphinx is heavily wounded.
You are feeling hungry.
The yaktaur captain hits you.
* * * LOW HITPOINT WARNING * * *
An ogre comes into view. It is wielding a giant spiked club.
Casting: Lee's Rapid Deconstruction
Confirm with . or Enter, or press ? or * to list all spells.
Aiming: Lee's Rapid Deconstruction
Press: ? - help, Dir - move target cursor The wall shatters!
The blast of rock fragments hits the sphinx.
The sphinx is almost dead.
The blast of rock fragments hits the yaktaur captain.
The yaktaur captain is almost dead.
You hear a shout!
The yaktaur captain hits you!!
You die...

._.. ## O.. ..# ######
..## ##$$$$# ...#
#......##.#.#
#..?.##..#.####
...#8..8#........#
......Hc@).......#
##..#.####.......#####
#............[
#.#........#.# #.
#.#..........#...
#.#.......)....
#.#####......# #
#..........#.#.#. #.
#.#######.##.....


You could see a sphinx, a yaktaur captain and an ogre.

Vanquished Creatures
  Pikel (D:7)
  Grinder (D:3)
  A steam dragon (D:8)
  Edmund (D:5)
  4 orc warriors
  2 black bears (D:6)
  A phantom (D:4)
  3 slaves (D:7)
  A sky beast (D:8)
  2 ogres (D:4)
  6 centaurs
  A big kobold (D:7)
  4 giant frogs
  A scorpion (D:7)
  6 killer bees (D:8)
  2 howler monkeys (D:9)
  3 crimson imps
  A wasp zombie (D:7)
  6 hounds
  3 centaur zombies
  2 orc priests
  A jelly (D:8)
  A quasit (D:9)
  Crazy Yiuf (D:3)
  2 centaur skeletons
  2 giant frog skeletons
  2 iguanas
  Ijyb (D:3)
  6 orc wizards
  9 worker ants
  A worker ant zombie (D:9)
  Robin (D:3)
  4 gnolls (D:7)
  A river rat (D:3)
  14 adders
  A shadow imp (D:7)
  8 oozes
  An adder skeleton (D:4)
  2 worms (D:2)
  2 dart slugs (D:1)
  11 giant geckos
  29 orcs
  8 bats
  15 giant cockroaches
  14 goblins
  8 hobgoblins
  18 jackals
  5 quokkas
  9 ball pythons
  17 giant newts
  15 kobolds
  A quokka skeleton (D:4)
  7 rats
269 creatures vanquished.

Notes
Turn   | Place    | Note
--------------------------------------------------------------
     0 | D:1      | TheGoonsmith the Gargoyle Earth Elementalist began the quest for the Orb.
     0 | D:1      | Reached XP level 1. HP: 10/10 MP: 3/3
   297 | D:1      | Reached skill level 4 in Earth Magic
   317 | D:1      | Reached XP level 2. HP: 15/15 MP: 1/5
   832 | D:1      | Reached XP level 3. HP: 19/19 MP: 1/6
  1075 | D:1      | Reached skill level 5 in Earth Magic
  1498 | D:2      | Reached XP level 4. HP: 24/24 MP: 3/7
  2278 | D:3      | Found a glowing drain.
  2293 | D:3      | Noticed Ijyb
  2294 | D:3      | Noticed Robin
  2294 | D:3      | Reached skill level 6 in Earth Magic
  2320 | D:3      | Reached XP level 5. HP: 23/28 MP: 2/9
  2373 | D:3      | Killed Robin
  2384 | D:3      | Killed Ijyb
  2493 | Sewer    | Entered a sewer
  2847 | Sewer    | Reached XP level 6. HP: 32/32 MP: 3/10
  2929 | Sewer    | Reached skill level 7 in Earth Magic
  3361 | D:3      | Learned a level 3 spell: Stone Arrow
  3367 | D:3      | Learned a level 5 spell: Lee's Rapid Deconstruction
  3428 | D:3      | Found a white marble altar of Elyvilon.
  3550 | D:3      | Noticed Grinder
  3551 | D:3      | Paralysed by Grinder for 3 turns
  3570 | D:3      | Killed Grinder
  3570 | D:3      | Reached skill level 8 in Earth Magic
  3570 | D:3      | Reached XP level 7. HP: 36/36 MP: 7/13
  3875 | D:3      | Noticed Crazy Yiuf
  3880 | D:3      | Killed Crazy Yiuf
  3880 | D:3      | Reached skill level 1 in Shields
  3924 | D:4      | Learned a level 4 spell: Petrify
  4466 | D:4      | Reached XP level 8. HP: 41/41 MP: 10/14
  5162 | D:4      | Reached skill level 9 in Earth Magic
  5278 | D:5      | Entered Level 5 of the Dungeon
  5646 | D:5      | Reached skill level 5 in Spellcasting
  5647 | D:5      | Noticed Edmund
  5661 | D:5      | Killed Edmund
  5804 | D:5      | Reached skill level 10 in Earth Magic
  5954 | D:5      | Found Olaneil's Distillery.
  5962 | D:5      | Bought a potion of degeneration for 13 gold pieces
  5962 | D:5      | Bought a potion of might for 52 gold pieces
  5962 | D:5      | Bought a potion of mutation for 32 gold pieces
  5962 | D:5      | Bought a potion of brilliance for 52 gold pieces
  6036 | D:5      | Found a blossoming altar of Fedhas.
  6142 | D:5      | Got a steaming ring mail
  6143 | D:5      | Identified the +3 ring mail "Guacacki" {*Drain rElec MR+++ rCorr} (You found it on level 5 of the Dungeon)
  6424 | D:6      | Reached XP level 9. HP: 45/45 MP: 11/17
  6848 | D:6      | Reached skill level 11 in Earth Magic
  7520 | D:7      | Found a basalt altar of Yredelemnul.
  7591 | D:7      | Found a staircase to the Ecumenical Temple.
  7600 | Temple   | Entered the Ecumenical Temple
  7797 | Temple   | Became a worshipper of Vehumet
  7846 | D:7      | Noticed Pikel
  7856 | D:7      | Killed Pikel
  7856 | D:7      | Reached skill level 12 in Earth Magic
  8276 | D:8      | Reached * piety under Vehumet
  8276 | D:8      | Offered knowledge of Freeze by Vehumet.
  8424 | D:8      | Reached XP level 10. HP: 40/50 MP: 17/20
  8579 | D:8      | Reached skill level 13 in Earth Magic
  8964 | D:9      | Found an iron altar of Okawaru.
  8978 | D:9      | Reached skill level 1 in Transmutations
  9022 | D:9      | Reached skill level 1 in Conjurations
  9354 | D:9      | Found a staircase to the Orcish Mines.
 10278 | D:10     | Entered Level 10 of the Dungeon
 10328 | D:10     | Noticed a sphinx
 10330 | D:10     | Found a basalt altar of Yredelemnul.
 10334 | D:10     | Noticed a yaktaur captain
 10343 | D:10     | Demolished by a yaktaur captain

Vault maps used:
D:1:      mrwooster_arrival_statue_3, serial_bayou_pond_d
D:2:      lemuel_upstairs_altar
D:3:      elyvilon_altar_1, portal_sewer_entry_c, uniq_crazy_yiuf_cottage,
          uniq_grinder, uniq_iyjb, uniq_robin
D:4:      minmay_opposing_rooms, minmay_cut_off
D:5:      marbit_many_paths, serial_shops, shop, first_bread, uniq_edmund
D:7:      lemuel_doored_altar, feat_on_display, uniq_pikel
D:9:      okawaru_metal_pillars_1_2, orc_0_dummy, serial_glass, glass_columns_a,
          glass_columns_a, special_room
D:10:     blue_anna_alchemist, jmf_multi_god_temple
Temple:   eino_narrow_crystal_temple
Sewer:    sewer_frog_island_02

Skill      XL: |  1  2  3  4  5  6  7  8  9 10 |
---------------+-------------------------------+-----
Earth Magic    | 4 5 6 8 10 12 13 | 13.2
Spellcasting   | 3 4 5 7 |  7.4
Shields        | 4 |  4.3
Transmutations | 2 |  2.7
Conjurations   | 3 |  3.1
Dodging        | |  1.5
Stealth        | |  2.1

Action                   |  1- 3 |  4- 6 |  7- 9 | 10-12 || total
-------------------------+-------+-------+-------+-------++-------
Melee: Unarmed           |    19 |       |       |       ||    19
       Whip              |    87 |     1 |       |       ||    88
       Dagger            |       |   106 |    24 |    25 ||   155
 Cast: Sandblast         |    63 |   162 |   328 |   109 ||   662
       Stone Arrow       |       |       |     1 |     5 ||     6
       Lee's Rapid Decon |       |       |       |     3 ||     3
  Use: Scroll            |       |     6 |     5 |     7 ||    18
       Potion            |       |     1 |       |     2 ||     3
 Stab: Sleeping          |       |     1 |       |       ||     1
  Eat: Chunk             |     1 |     4 |    15 |     6 ||    26
       Bread ration      |     1 |       |       |       ||     1
Armor: Robe              |    55 |   117 |    12 |    53 ||   237
       Leather armour    |       |       |    29 |       ||    29
       Ring mail         |       |       |    88 |       ||    88
Dodge: Dodged            |   114 |   145 |   103 |    46 ||   408
Block: Buckler           |       |       |    40 |    24 ||    64
